 Dungeon Sprint DCSS version 0.23-a0-694-g178e528 (webtiles) character file.

19618 TheOrbIsALie the Imperceptible (level 12, -7/70 HPs)
             Began as a Felid Berserker on Jan 11, 2019.
             Was the Champion of Trog.
             Killed from afar by a storm dragon (35 damage)
             ... with a bolt of lightning
             ... in the Dungeon (Sprint IX: "|||||||||||||||||||||||||||||").
             The game lasted 00:12:36 (4435 turns).

TheOrbIsALie the Imperceptible (Felid Berserker)    Turns: 4435, Time: 00:12:37

Health: -7/70      AC:  7    Str: 18    XL:     12   Next: 38%
Magic:  13/13      EV: 36    Int:  9    God:    Trog [******]
Gold:   1170       SH:  5    Dex: 18    Spells: 11/11 levels left
                                        Lives:  0   Deaths: 2

rFire    . . .     SeeInvis +     - Unarmed
rCold    + . .     Gourm    .   (shield unavailable)
rNeg     . . .     Faith    .   (armour unavailable)
rPois    .         Spirit   .   (helmet unavailable)
rElec    .         Reflect  +   (cloak unavailable)
rCorr    .         Harm     .   (gloves unavailable)
MR       +....     NoTele   +   (boots unavailable)
Stlth    +++++++++.             s - +5 amulet of reflection
HPRegen  0.21/turn              z - +4 ring of protection
MPRegen  0.13/turn              l - +3 ring of strength

@: berserk cooldown, slowed, slow
A: very small, no armour, no weapons or thrown items, stealth, claws 1, fangs 3,
see invisible, carnivore, speed 1, shaggy fur 3, slow metabolism 1, sharp paws
a: Berserk, Trog's Hand, Brothers in Arms, Renounce Religion


You were in the Dungeon.
You worshipped Trog.
Trog was exalted by your worship.
You were not hungry.

You visited 1 branch You collected 1300 gold pieces.
You spent 130 gold pieces at shops.

Inventory:

Jewellery
 l - a +3 ring of strength (right paw)
 q - an uncursed ring of stealth
 s - a +5 amulet of reflection (around neck)
 t - an uncursed ring of fire
 u - an uncursed ring of protection from cold
 v - an uncursed ring of fire
 x - a +2 ring of slaying
 y - an uncursed amulet of regeneration
 z - a +4 ring of protection (left paw)
Wands
 j - a wand of acid (10)
 r - a wand of enslavement (9)
Scrolls
 g - 7 scrolls of blinking
 i - 7 scrolls of remove curse
 k - a scroll of fog
 o - 4 scrolls of identify
 p - 4 scrolls of fear
Potions
 b - 8 potions of curing
 c - 9 potions of heal wounds
 d - 3 potions of haste
 e - 4 potions of magic
 f - 3 potions of berserk rage
 h - a potion of invisibility
 m - 2 potions of resistance
 n - a potion of might
 w - 2 potions of mutation
Comestibles
 a - 10 rations


   Skills:
 + Level 18.9 Fighting
 - Level 21.0 Dodging
 - Level 22.5 Stealth
 - Level 21.3 Unarmed Combat


You had 11 spell levels left.
You didn't know any spells.
Your spell library was empty.

Dungeon Overview and Level Annotations

Branches:
Dungeon (1/1)

Altars:
Cheibriados
Dithmenos
Elyvilon
Fedhas
Gozag
Hepliaklqana
Kikubaaqudgha
Makhleb
Nemelex Xobeh
Okawaru
Qazlal
Ru
Sif Muna
Trog
Uskayaw
Vehumet
Wu Jian
Xom
Yredelemnul
Zin
The Shining One
Beogh
Jiyva
Lugonu

Shops:
D *:(=


Innate Abilities, Weirdness & Mutations

You cannot wear armour.
You are incapable of wielding weapons or throwing items.
Your paws allow you to move quietly. (Stealth)
You have sharp claws.
You have razor-sharp teeth.
You have supernaturally acute eyesight. (SInv)
You are carnivorous and can eat meat at any time.
You cover ground quickly.
Your thick and shaggy fur keeps you warm. (AC +3, rC+)
You have a slow metabolism.
Your sharp claws are effective at attacking unaware monsters.


Message History

The ironheart preserver begins to accept its allies' injuries.
The storm dragon completely misses you. x3
You scratch the storm dragon.
The storm dragon is severely wounded.
You are no longer berserk.
You are exhausted.
You feel yourself slow down.
You mangle the storm dragon!!
The storm dragon is severely wounded.
The storm dragon completely misses you. x3
The ironheart preserver gestures wildly while chanting.
The ironheart preserver is healed somewhat.
The ironheart preserver casts a spell.
The ironheart preserver begins to accept its allies' injuries.
Your stone giant goes berserk!
You feel somewhat more hungry.
The storm dragon breathes lightning at you.
The bolt of lightning hits you!
Ouch! That really hurt!
You die...

.▓.▓∩▓.▓÷▓.♣.♣.▓ ▓.▓.▓
†▓.▓)▓.▓.▓.♣.♣.▓o▓.▓.▓
.▓.▓∩▓.▓)▓.♣.♣.▓s▓.▓.▓
.▓.▓)▓.▓(▓.♣.♣.▓c▓.▓.▓
!▓.▓∩▓.▓(▓.♣.♣.▓H▓.▓?▓
.▓.▓.▓)▓÷▓.♣.♣.▓p▓.▓.▓
.▓.▓∩▓.▓[▓.♣.♣.▓p▓.▓.▓
.▓.▓.▓.▓.▓.♣.♣.▓D▓.▓.▓
'▓.▓.▓.▓.▓.♣.♣.▓@▓.▓.▓
.▓.▓.▓.▓.▓.▓'▓.▓C▓.▓?▓
.▓.▓.▓.▓.▓.▓.▓.▓)▓.▓.▓
[▓.▓.▓.▓.▓.▓.▓.▓(▓.▓'▓
[▓.▓'▓.▓'▓.▓.▓.▓'▓.▓.▓
[▓.▓.▓.▓.▓.▓.▓.▓.▓.▓.▓
[▓.▓.▓.▓.▓.▓.▓.▓.▓.▓.▓.▓
.▓.▓.▓.▓.▓.▓.▓.▓.▓.▓.▓.▓
.▓.▓.▓.▓.▓.▓.▓.▓.▓.▓.▓.▓


You could see 2 ironheart preservers, a storm dragon, a yaktaur captain, an orc
knight, a wolf spider, a harpy and a friendly stone giant (berserk).

Vanquished Creatures
  Rupert (D)
  Gastronok (D)
  Aizul (D)
  3 stone giants (D)
  A very ugly thing (D)
  A crystal guardian (D)
  An ettin (D)
  Josephine (D)
  2 ice dragons (D)
  A yaktaur captain (D)
  2 hydras (D)
  2 centaur warriors (D)
  4 two-headed ogres (D)
  3 ogre magi (D)
  A spriggan berserker (D)
  Sonja (D)
  A shock serpent (D)
  Urug (D)
  A slime creature (D)
  2 sea snakes (D)
  A necromancer (D)
  A phantasmal warrior (D)
  4 orc knights (D)
  A wolf spider (D)
  A harpy (D)
  A cyclops (D)
  2 manticores (D)
  Joseph (D)
  A merfolk siren (D)
  A naga mage (D)
  6 black mambas (D)
  A torpor snail (D)
  A water nymph (D)
  4 spiny frogs (D)
  A yaktaur (D)
  3 komodo dragons (D)
  A demonic crawler (D)
  A tengu conjurer (D)
  2 merfolk (D)
  2 hornets (D)
  4 jumping spiders (D)
  4 tyrant leeches (D)
  A blink frog (D)
  2 hippogriffs (D)
  A shadow (D)
  7 wraiths (D)
  A wyvern (D)
  2 yaks (D)
  Eustachio (D)
  A vampire mosquito (D)
  Grum (D)
  A naga (D)
  An insubstantial wisp (D)
  4 water moccasins (D)
  2 porcupines (D)
  2 swamp drakes (D)
  7 orc warriors (D)
  4 ogres (D)
  A boggart (D)
  A centaur (D)
  5 wolves (D)
  3 bullfrogs (D)
  A killer bee (D)
  A howler monkey (D)
  2 crimson imps (D)
  3 orc priests (D)
  3 orc wizards (D)
  An adder skeleton (D)
  A worm (D)
  A leopard gecko (D)
  5 orcs (D)
  A bat skeleton (D)
  A kobold (D)
  A frilled lizard (D)
  2 leopard gecko skeletons (D)
  2 quokka zombies (D)
  2 rats (D)
150 creatures vanquished.

Vanquished Creatures (collateral kills)
  A fire dragon (D)
  A naga warrior (D)
  An ogre mage (D)
  A two-headed ogre (D)
  A demonic crawler (D)
  4 orc warriors (D)
  2 ogres (D)
  An orc (D)
12 creatures vanquished.

Grand Total: 162 creatures vanquished

Notes
Turn   | Place    | Note
-------+----------+-------------------------------------------
     0 | D        | TheOrbIsALie the Felid Berserker began the quest for the
                  | Orb.
     0 | D        | Reached XP level 1. HP: 10/10 MP: 2/2
    12 | D        | Reached ** piety under Trog
   238 | D        | Noticed a crimson imp
   238 | D        | Noticed a howler monkey
   238 | D        | Noticed an ogre
   243 | D        | Reached skill level 5 in Dodging
   243 | D        | Reached XP level 2. HP: 15/15 MP: 3/3
   244 | D        | Reached *** piety under Trog
   247 | D        | Killed a howler monkey
   247 | D        | Reached skill level 5 in Unarmed Combat
   247 | D        | Reached XP level 3. HP: 19/19 MP: 4/4
   249 | D        | Killed an ogre
   249 | D        | Reached XP level 4. HP: 24/24 MP: 5/5
   251 | D        | Reached XP level 5. HP: 28/28 MP: 6/6
   275 | D        | Found a roughly hewn altar of Beogh.
   275 | D        | Found a snail-covered altar of Cheibriados.
   275 | D        | Found a shadowy altar of Dithmenos.
   275 | D        | Found a white marble altar of Elyvilon.
   275 | D        | Found a blossoming altar of Fedhas.
   275 | D        | Found an opulent altar of Gozag.
   276 | D        | Found a hazy altar of Hepliaklqana.
   277 | D        | Found a viscous altar of Jiyva.
   278 | D        | Found an ancient bone altar of Kikubaaqudgha.
   279 | D        | Found a corrupted altar of Lugonu.
   280 | D        | Found a burning altar of Makhleb.
   281 | D        | Found a sparkling altar of Nemelex Xobeh.
   282 | D        | Found an iron altar of Okawaru.
   283 | D        | Found a stormy altar of Qazlal.
   284 | D        | Found a sacrificial altar of Ru.
   285 | D        | Found a deep blue altar of Sif Muna.
   286 | D        | Found a bloodstained altar of Trog.
   287 | D        | Found a hide-covered altar of Uskayaw.
   288 | D        | Found a radiant altar of Vehumet.
   289 | D        | Found an ornate altar of the Wu Jian Council.
   290 | D        | Found a shimmering altar of Xom.
   291 | D        | Found a basalt altar of Yredelemnul.
   292 | D        | Found a glowing silver altar of Zin.
   293 | D        | Found a glowing golden altar of the Shining One.
   319 | D        | Noticed a yak
   319 | D        | Noticed a centaur
   321 | D        | Reached **** piety under Trog
   329 | D        | Killed a yak
   329 | D        | Reached skill level 10 in Dodging
   329 | D        | Gained mutation: You are covered in thick fur. (AC +2)
                  | [Felid growth]
   329 | D        | Reached XP level 6. HP: 33/33 MP: 7/7
   337 | D        | Reached ***** piety under Trog
   372 | D        | Noticed a centaur warrior
   372 | D        | Noticed a wraith
   372 | D        | Noticed a komodo dragon
   404 | D        | Killed a centaur warrior
   404 | D        | Reached skill level 10 in Fighting
   404 | D        | Reached XP level 7. HP: 39/39 MP: 8/8
   404 | D        | Reached XP level 8. HP: 43/43 MP: 9/9
   412 | D        | Killed a komodo dragon
   529 | D        | Noticed Grum
   622 | D        | Killed Grum
   622 | D        | Reached ****** piety under Trog
   632 | D        | Reached XP level 9. HP: 47/47 MP: 10/10
   717 | D        | Noticed a spiny frog
   718 | D        | Noticed a komodo dragon
   739 | D        | Killed a spiny frog
   739 | D        | Reached skill level 15 in Dodging
   744 | D        | Killed a komodo dragon
   744 | D        | Reached skill level 15 in Unarmed Combat
   910 | D        | Noticed a spiny frog
   910 | D        | Noticed a komodo dragon
   910 | D        | Noticed a seven-headed hydra
   913 | D        | Noticed a black mamba
   913 | D        | Killed a spiny frog
   913 | D        | Reached skill level 5 in Stealth
   914 | D        | Reached skill level 6 in Stealth
   917 | D        | Killed a komodo dragon
   917 | D        | Reached skill level 8 in Stealth
   917 | D        | Reached XP level 10. HP: 52/52 MP: 11/11
   921 | D        | Killed a seven-headed hydra
   921 | D        | Reached skill level 12 in Stealth
   925 | D        | Killed a black mamba
   925 | D        | Reached skill level 13 in Stealth
   932 | D        | Reached skill level 14 in Stealth
  1127 | D        | Noticed a spiny frog
  1127 | D        | Noticed a spiny frog
  1136 | D        | Killed a spiny frog
  1140 | D        | Killed a spiny frog
  1370 | D        | Noticed Josephine
  1388 | D        | Killed Josephine
  1388 | D        | Reached XP level 11. HP: 59/59 MP: 12/12
  1410 | D        | Noticed Eustachio
  1422 | D        | Killed Eustachio
  1524 | D        | Noticed an orc knight
  1530 | D        | Killed an orc knight
  1690 | D        | Noticed an orc knight
  1695 | D        | Noticed an orc knight
  1699 | D        | Killed an orc knight
  1714 | D        | Killed an orc knight
  1807 | D        | Found Vecot's Assorted Antiques.
  1807 | D        | Noticed a two-headed ogre
  1807 | D        | Noticed a two-headed ogre
  1807 | D        | Noticed a two-headed ogre
  1807 | D        | Noticed a two-headed ogre
  1809 | D        | Killed a two-headed ogre
  1811 | D        | Noticed an ogre mage
  1812 | D        | Killed a two-headed ogre
  1813 | D        | Found Vupateck's Book Shoppe.
  1817 | D        | Killed a two-headed ogre
  1818 | D        | Found Toyhoxt's Weapon Emporium.
  1818 | D        | Noticed an ogre mage
  1824 | D        | Killed a two-headed ogre
  1829 | D        | Found Ozxo's Jewellery Shoppe.
  1829 | D        | Noticed a two-headed ogre
  1833 | D        | Killed an ogre mage
  1835 | D        | Killed an ogre mage
  1835 | D        | Reached skill level 15 in Fighting
  1837 | D        | Noticed an ogre mage
  1841 | D        | Killed a two-headed ogre
  1843 | D        | Killed an ogre mage
  1843 | D        | Gained mutation: Your thick and shaggy fur keeps you warm.
                  | (AC +3, rC+) [Felid growth]
  1843 | D        | Reached XP level 12. HP: 62/66 MP: 13/13
  1876 | D        | Bought a runed blue amulet for 130 gold pieces
  1922 | D        | Noticed Joseph
  1935 | D        | Killed Joseph
  1942 | D        | Noticed Sonja
  2015 | D        | Killed Sonja
  2028 | D        | Noticed Gastronok
  2031 | D        | Noticed Urug
  2039 | D        | Killed Gastronok
  2042 | D        | Killed Urug
  2173 | D        | Noticed a centaur warrior
  2176 | D        | Noticed an ogre mage
  2178 | D        | Noticed an ettin
  2179 | D        | Killed a centaur warrior
  2179 | D        | Reached skill level 15 in Stealth
  2183 | D        | Noticed a yaktaur captain
  2184 | D        | Reached skill level 16 in Stealth
  2188 | D        | Noticed a purple very ugly thing
  2191 | D        | Killed an ogre mage
  2191 | D        | Reached skill level 17 in Stealth
  2192 | D        | Noticed an ice dragon
  2194 | D        | Killed an ettin
  2194 | D        | Reached skill level 18 in Stealth
  2195 | D        | Noticed a fire dragon
  2198 | D        | Killed a yaktaur captain
  2200 | D        | Noticed a stone giant
  2204 | D        | Killed a purple very ugly thing
  2204 | D        | Reached skill level 19 in Stealth
  2210 | D        | Killed an ice dragon
  2210 | D        | Reached skill level 20 in Stealth
  2223 | D        | Killed a fire dragon
  2245 | D        | Killed a stone giant
  2245 | D        | Reached skill level 21 in Stealth
  2598 | D        | Noticed Rupert
  2605 | D        | Killed Rupert
  2605 | D        | Reached skill level 22 in Stealth
  2605 | D        | Reached XP level 13. HP: 73/73 MP: 14/14
  3054 | D        | Killed from afar by a naga mage
  3055 | D        | Reached XP level 12. HP: -25/69 MP: 13/13
  3614 | D        | Noticed a five-headed hydra
  3618 | D        | Killed a five-headed hydra
  4147 | D        | Noticed an ice dragon
  4147 | D        | Noticed a frost giant
  4160 | D        | Noticed a rakshasa
  4161 | D        | Killed an ice dragon
  4167 | D        | Noticed an ice dragon
  4170 | D        | HP: 3/103 [frost giant/+2 battleaxe of freezing (43)]
  4170 | D        | Slain by a frost giant
  4171 | D        | Reached XP level 11. HP: -4/96 MP: 12/12
  4345 | D        | Noticed Aizul
  4352 | D        | Killed Aizul
  4352 | D        | Reached XP level 12. HP: 69/69 MP: 13/13
  4392 | D        | Noticed a stone giant
  4392 | D        | Noticed a stone giant
  4392 | D        | Noticed a crystal guardian
  4393 | D        | Noticed a storm dragon
  4394 | D        | Killed a crystal guardian
  4402 | D        | Killed a stone giant
  4403 | D        | Noticed an ironheart preserver
  4403 | D        | Noticed an ironheart preserver
  4415 | D        | Noticed a yaktaur captain
  4418 | D        | Killed a stone giant
  4435 | D        | Killed from afar by a storm dragon

Vault maps used:
D:        linesprint

Skill      XL: |  1  2  3  4  5  6  7  8  9 10 11 12 13 |
---------------+----------------------------------------+-----
Dodging        | 5 6 7 8 10 12 14 15 20 21 | 21.0
Fighting       | 4 6 8 10 11 13 16 18 | 18.9
Unarmed Combat | 5 6 7 9 11 13 15 16 17 21 19 | 21.3
Stealth        | 8 14 22 | 22.5

Action                   |  1- 3 |  4- 6 |  7- 9 | 10-12 | 13-15 || total
-------------------------+-------+-------+-------+-------+-------++-------
Melee: Unarmed           |    21 |    27 |    55 |   313 |    41 ||   457
       Bite              |     2 |     7 |     7 |    53 |     5 ||    74
       Punch             |       |     2 |     4 |    40 |     1 ||    47
Invok: Berserk           |     1 |     2 |     3 |    12 |     2 ||    20
       Brothers in Arms  |       |       |       |    11 |     2 ||    13
  Use: Potion            |       |       |       |     1 |       ||     1
 Stab: Distracted        |       |       |       |     3 |       ||     3
       Sleeping          |       |       |       |     8 |       ||     8
  Eat: Chunk             |       |       |    12 |     9 |     6 ||    27
       Ration            |       |       |       |     2 |       ||     2
Armor: Skin              |       |     2 |     1 |     2 |     1 ||     6
Dodge: Dodged            |    10 |    15 |    39 |   205 |    23 ||   292
Block: Other             |       |       |       |    30 |     4 ||    34
       Reflection        |       |       |       |       |     1 ||     1

Table legend:
 A = Non-vault XP
 B = Vault XP
 C = Vault XP percentage of total XP
 D = Non-vault monster count
 E = Vault monster count
 F = Vault count percentage of total count
                 A         B        C        D         E       F
            +---------+---------+-------+---------+---------+-------
      Total |     786 |   62692 |  98.8 |       1 |     161 |  99.4
            +---------+---------+-------+---------+---------+-------
          D |     786 |   62692 |  98.8 |       1 |     161 |  99.4
            +---------+---------+-------+---------+---------+-------
